 Dungeon Crawl Stone Soup version 0.31-a0-705-ga145531891 (webtiles) character file.

Game seed: 64446993345290163

1934 qw the Skirmisher (level 9, -8/57 HPs)
             Began as a Gargoyle Hunter on Sept 9, 2023.
             Was an Initiate of Okawaru.
             Mangled by a gnoll
             ... wielding a +0 halberd
             ... led by a gnoll bouda
              (13 damage)
             ... on level 7 of the Dungeon.
             The game lasted 00:02:08 (4395 turns).

qw the Skirmisher (Gargoyle Hunter)                 Turns: 4395, Time: 00:02:09

Health: -8/57      AC: 11    Str: 15    XL:     9   Next: 17%
Magic:  9/9        EV: 11    Int: 10    God:    Okawaru [......]
Gold:   147        SH:  0    Dex: 17    Spells: 8/8 levels left

rFire   . . .        j - +0 longbow (freeze)
rCold   . . .        (shield currently unavailable)
rNeg    + . .        b - +0 ring mail
rPois   inf          (no helmet)
rElec   +            (no cloak)
rCorr   .            (no gloves)
SInv    .            (no boots)
Will    .....        f - amulet of regeneration
Stlth   +            (no ring)
HPRegen 1.09/turn    (no ring)
MPRegen 0.11/turn

%: no passive effects
@: no status effects
A: sickness immunity, AC +6, negative energy resistance 1, electricity
resistance, torment resistance 1, petrification resistance
a: Renounce Religion


You were on level 7 of the Dungeon.
You worshipped Okawaru.
Okawaru was noncommittal.
You visited 2 branches of the dungeon, and saw 8 of its levels.

You collected 284 gold pieces.
You spent 137 gold pieces at shops.


Innate Abilities, Weirdness & Mutations

You are immune to sickness and miasma.
Your stone body is resilient. (AC +6)
You are immune to poison.
You resist negative energy. (rN+)
You are resistant to electric shocks. (rElec)
You are resistant to unholy torment.
You are immune to petrification.


   Skills:
 - Level 7.0 Fighting
 + Level 10.4 Ranged Weapons
 - Level 2.1 Armour
 - Level 2.0 Dodging
 - Level 1.1 Stealth


You had 8 spell levels left.
You didn't know any spells.
Your spell library was empty.

Inventory:

Hand Weapons
 j - a +0 longbow of freezing (weapon)
Armour
 b - a +0 ring mail (worn)
Jewellery
 f - an amulet of regeneration (around neck)
Scrolls
 a - 2 scrolls of identify
Potions
 c - 3 potions of enlightenment
 g - a potion of might
 h - a potion of magic
 i - a potion of haste

Dungeon Overview and Level Annotations

Branches:
Dungeon (7/15)             Temple (1/1) D:6

Altars:
Ashenzari
Cheibriados
Elyvilon
Gozag
Hepliaklqana
Kikubaaqudgha
Nemelex Xobeh
Okawaru
Qazlal
Sif Muna
Uskayaw
Vehumet
Yredelemnul
The Shining One

Shops:
D:5 :   D:6 (

Annotations:
D:3 1 runed translucent door, Crazy Yiuf


Message History

The killer bee stings you. The killer bee closely misses you.
The killer bee stings you but does no damage.
The killer bee completely misses you.
The killer bee stings you but does no damage.
The killer bee barely misses you.
You shoot an arrow. The arrow hits the killer bee.
The arrow freezes the killer bee.
The killer bee is lightly wounded.
The killer bee closely misses you.
You shoot an arrow. The arrow misses the killer bee.
The gnoll shouts!
The killer bee stings you but does no damage.
The killer bee stings you. The killer bee misses you.
The killer bee barely misses you. The killer bee closely misses you.
The killer bee barely misses you.
You shoot an arrow. The arrow barely misses the killer bee.
The arrow hits the killer bee.
The arrow freezes the killer bee.
The killer bee is moderately wounded.
The killer bee stings you but does no damage.
The killer bee misses you. The killer bee barely misses you.
The killer bee stings you but does no damage.
The killer bee misses you. The killer bee closely misses you.
You shoot an arrow. The arrow misses the killer bee. x2
The killer bee barely misses you. The killer bee closely misses you.
The killer bee stings you.
The killer bee stings you but does no damage.
You shoot an arrow. The arrow hits the killer bee.
The arrow freezes the killer bee.
The killer bee is moderately wounded.
The killer bee stings you but does no damage.
The killer bee stings you.
The killer bee stings you but does no damage.
The killer bee misses you. The killer bee barely misses you.
The killer bee completely misses you.
You shoot an arrow.
The arrow closely misses the killer bee.
The arrow barely misses the killer bee.
The killer bee barely misses you. The killer bee stings you!
The gnoll hits you from afar with a +0 halberd!
You die...

## .# .###
### ...
.....###.#
#..yy@#
##..y##
#.#g .. ..
#. #..
#...#..
.#.#
...:...
####.#.##
......#
####
#.......#
..?....
g.#
#.......#


You could see 3 killer bees and a gnoll.

Vanquished Creatures
  A sky beast (D:6)
  A black bear (D:6)
  An ogre (D:4)
  2 phantoms
  2 kobold brigands
  A bullfrog (D:7)
  5 scorpions
  4 wights (D:6)
  2 killer bees (D:7)
  A howler monkey (D:7)
  A hound (D:5)
  A gnoll bouda (D:7)
  4 orc priests
  A jelly (D:6)
  2 iguanas
  Terence (D:2)
  5 orc wizards
  8 gnolls
  9 adders
  2 ufetubi
  A worm (D:3)
  4 dart slugs
  25 orcs
  4 ball pythons
  7 endoplasms
  A giant cockroach (D:3)
  9 hobgoblins
  2 jackals (D:1)
  4 quokkas
  8 bats
  3 frilled lizards
  8 goblins
  7 kobolds
  6 rats
143 creatures vanquished.

Notes
Turn   | Place    | Note
-------+----------+-------------------------------------------
     0 | D:1      | qw the Gargoyle Hunter began the quest for the Orb.
     0 | D:1      | Reached XP level 1. HP: 12/12 MP: 1/1
     0 | D:1      | 0 ||| qw: Version: 0.3-a-80-g6052c40
     0 | D:1      | 0 ||| qw: Game counter: 1337
     0 | D:1      | 0 ||| qw: Melee chars always use a shield: true
     0 | D:1      | 0 ||| qw: God list: Okawaru
     0 | D:1      | 0 ||| qw: Allow faded altars: false
     0 | D:1      | 0 ||| qw: Do Orc after clearing Dungeon:15 true
     0 | D:1      | 0 ||| qw: Do second Lair branch before Depths: true
     0 | D:1      | 0 ||| qw: Lair rune preference: random
     0 | D:1      | 0 ||| qw: Goals: Normal
     0 | D:1      | 0 ||| PLANNING D:1-11
   104 | D:1      | Reached XP level 2. HP: 17/17 MP: 2/2
   690 | D:1      | 690 ||| UPGRADING to amulet of regeneration.
   695 | D:1      | 695 ||| READING 5 scrolls labelled XUMARUA ECIEWK.
   696 | D:1      | 696 ||| READING 4 scrolls of identify.
   696 | D:1      | 696 ||| IDENTIFYING puce potion
   697 | D:1      | 697 ||| DROPPING scroll of butterflies.
   723 | D:2      | Reached XP level 3. HP: 21/21 MP: 3/3
   747 | D:2      | 747 ||| FLEEEEING.
   822 | D:2      | Reached skill level 5 in Ranged Weapons
   858 | D:2      | Noticed Terence
   865 | D:2      | Killed Terence
   866 | D:2      | Reached skill level 3 in Fighting
   866 | D:2      | Reached XP level 4. HP: 28/28 MP: 4/4
   881 | D:2      | 881 ||| READING scroll labelled XUIBRAUTEU.
   884 | D:2      | 884 ||| READING scroll labelled KESTRECROIMU.
  1021 | D:2      | Found a sparkling altar of Nemelex Xobeh.
  1278 | D:2      | Reached XP level 5. HP: 32/32 MP: 5/5
  1284 | D:2      | 1284 ||| UPGRADING to +0 ring mail.
  1294 | D:2      | 1294 ||| DROPPING +0 leather armour.
  1295 | D:2      | 1295 ||| READING 2 scrolls labelled NAH ASCHYMUALAR.
  1326 | D:3      | 1326 ||| STAIRDANCE
  1356 | D:3      | Reached skill level 1 in Armour
  1459 | D:3      | Reached skill level 6 in Ranged Weapons
  1830 | D:3      | Found a hazy altar of Hepliaklqana.
  2157 | D:3      | Found a runed translucent door.
  2158 | D:3      | Noticed Crazy Yiuf
  2321 | D:3      | 2321 ||| READING scroll labelled YTSAENEISK.
  2322 | D:3      | 2322 ||| READING 4 scrolls of identify.
  2322 | D:3      | 2322 ||| IDENTIFYING cyan potion
  2373 | D:4      | 2373 ||| SWAPPING to +0 arbalest.
  2380 | D:4      | 2380 ||| DROPPING +0 shortbow.
  2400 | D:4      | Noticed an ogre
  2405 | D:4      | Killed an ogre
  2406 | D:4      | Reached XP level 6. HP: 38/38 MP: 6/6
  2621 | D:4      | Reached skill level 7 in Ranged Weapons
  2841 | D:4      | 2841 ||| READING scroll labelled NYSHIO NEARA.
  2842 | D:4      | 2842 ||| READING scroll labelled FAPHUL COLU.
  2843 | D:4      | 2843 ||| READING scroll labelled GAIXIN QEAKU.
  2861 | D:5      | Entered Level 5 of the Dungeon
  2888 | D:5      | Found a white marble altar of Elyvilon.
  2968 | D:5      | Reached XP level 7. HP: 43/43 MP: 7/7
  2999 | D:5      | Reached skill level 8 in Ranged Weapons
  3123 | D:5      | Found Innecaump's Vocational Training.
  3126 | D:5      | 3126 ||| FLEEEEING.
  3140 | D:5      | Reached XP level 8. HP: 38/49 MP: 8/8
  3208 | D:5      | Found an ancient bone altar of Kikubaaqudgha.
  3435 | D:5      | 3435 ||| READING 5 scrolls of identify.
  3435 | D:5      | 3435 ||| IDENTIFYING fuming clear potion
  3436 | D:5      | 3436 ||| READING 4 scrolls of identify.
  3436 | D:5      | 3436 ||| IDENTIFYING bubbling green potion
  3437 | D:5      | 3437 ||| DROPPING potion of magic.
  3471 | D:6      | Found a broken altar of Ashenzari.
  3524 | D:6      | Reached skill level 9 in Ranged Weapons
  3525 | D:6      | HP: 8/49 [wight/+3 great sword (12)]
  3526 | D:6      | 3526 ||| READING 2 scrolls of teleportation.
  3527 | D:6      | 3527 ||| DRINKING 3 potions of heal wounds.
  3529 | D:6      | 3529 ||| DRINKING 2 potions of heal wounds.
  3540 | D:6      | Reached skill level 6 in Fighting
  3570 | D:6      | Identified the +0 robe of Whack-A-Mole {Int+3}
  3661 | D:6      | Found Bor Teucefiu's Hydra Hut.
  3663 | D:6      | Noticed a six-headed hydra
  3666 | D:6      | 3666 ||| BUYING +0 longbow of freezing (137 gold).
  3666 | D:6      | Bought a +0 longbow of freezing for 137 gold pieces
  3666 | D:6      | 3666 ||| SWAPPING to +0 longbow of freezing.
  3667 | D:6      | 3667 ||| DROPPING +0 arbalest.
  3722 | D:6      | Found a staircase to the Ecumenical Temple.
  3723 | D:6      | 3723 ||| PLANNING TEMPLE
  3723 | D:6      | 3723 ||| DROPPING +0 robe of Whack-A-Mole {Int+3}.
  3724 | D:6      | 3724 ||| READING 3 scrolls of identify.
  3724 | D:6      | 3724 ||| IDENTIFYING silvery potion
  3745 | Temple   | Entered the Ecumenical Temple
  3746 | Temple   | 3746 ||| PLANNING OKAWARU WORSHIP
  3785 | Temple   | Became a worshipper of Warmaster Okawaru
  3786 | Temple   | 3786 ||| PLANNING D:1-11
  4028 | D:6      | Found a glowing golden altar of the Shining One.
  4135 | D:6      | Reached skill level 10 in Ranged Weapons
  4192 | D:6      | Found a snail-covered altar of Cheibriados.
  4192 | D:6      | Found a hide-covered altar of Uskayaw.
  4293 | D:7      | Noticed a hornet
  4294 | D:7      | 4294 ||| Stepping ~*~*~tactically~*~*~ (retreating).
  4295 | D:7      | 4295 ||| Stepping ~*~*~tactically~*~*~ (retreating).
  4296 | D:7      | 4296 ||| Stepping ~*~*~tactically~*~*~ (retreating).
  4308 | D:7      | HP: 1/51 [hornet (13)]
  4309 | D:7      | 4309 ||| READING 2 scrolls of teleportation.
  4310 | D:7      | 4310 ||| DRINKING potion of heal wounds.
  4339 | D:7      | Reached XP level 9. HP: 56/56 MP: 9/9
  4355 | D:7      | 4355 ||| Stepping ~*~*~tactically~*~*~ (retreating).
  4356 | D:7      | 4356 ||| Stepping ~*~*~tactically~*~*~ (retreating).
  4357 | D:7      | 4357 ||| Stepping ~*~*~tactically~*~*~ (retreating).
  4358 | D:7      | 4358 ||| Stepping ~*~*~tactically~*~*~ (retreating).
  4374 | D:7      | HP: 14/57 [gnoll/+0 halberd[a gnoll bouda] (9)]
  4375 | D:7      | 4375 ||| READING scroll of teleportation.
  4387 | D:7      | HP: 14/57 [killer bee (5)]
  4393 | D:7      | HP: 12/57 [killer bee (4)]
  4395 | D:7      | HP: 5/57 [killer bee (8)]
  4395 | D:7      | Mangled by a gnoll

Levels and vault maps discovered:
D:1:      heliophobic_arrival_glass_houses, layout_basic
D:2:      cheibrodos_pilgrimage, layout_loops_cross, basic_altar, uniq_terence
D:3:      layout_basic, mainiacjoe_overflow_small_starburst, minmay_box_of_dots,
          uniq_crazy_yiuf_cottage
D:4:      layout_rooms
D:5:      layout_cave_pools, lemuel_round_altar,
          nicolae_elyvilon_peaceful_grove, nicolae_shop_vocational
D:6:      layout_loops_ring, mainiacjoe_overflow_catwalk,
          nicolae_overflow_two_pavilions, tso_oasis_becter,
          minmay_temple_entry_glass, doesnt_shop_hydraphobe
D:7:      layout_loops_ring, mainiacjoe_overflow_alcove_1
Temple:   nicolae_temple_superstar

Skill      XL: |  1  2  3  4  5  6  7  8  9 |
---------------+----------------------------+-----
Ranged Weapons | 5 6 7 8 10 | 10.4
Fighting       | 3 4 5 6 7 |  7.0
Armour         | 1 2 |  2.1
Dodging        | 2 |  2.0
Stealth        | |  1.1

Action                     |  1- 3 |  4- 6 |  7- 9 || total
---------------------------+-------+-------+-------++-------
   Fire: Shortbow          |    77 |   164 |       ||   241
         Arbalest          |       |    62 |   119 ||   181
         Longbow           |       |       |   132 ||   132
    Use: Scroll            |     2 |     8 |     6 ||    16
         Potion            |       |       |     3 ||     3
 Armour: Leather armour    |    22 |    28 |       ||    50
         Ring mail         |       |    65 |   183 ||   248
  Dodge: Dodged            |    25 |    91 |   121 ||   237

Table legend:
 A = Non-vault XP
 B = Vault XP
 C = Vault XP percentage of total XP
 D = Non-vault monster count
 E = Vault monster count
 F = Vault count percentage of total count
                 A         B        C        D         E       F
            +---------+---------+-------+---------+---------+-------
      Total |    2666 |      98 |   3.5 |     133 |      10 |   7.0
            +---------+---------+-------+---------+---------+-------
        D:1 |      31 |       0 |   0.0 |      17 |       0 |   0.0
        D:2 |      42 |      95 |  69.3 |      17 |       8 |  32.0
        D:3 |     111 |       3 |   2.6 |      23 |       2 |   8.0
        D:4 |     276 |       0 |   0.0 |      16 |       0 |   0.0
        D:5 |     733 |       0 |   0.0 |      28 |       0 |   0.0
        D:6 |     988 |       0 |   0.0 |      19 |       0 |   0.0
        D:7 |     485 |       0 |   0.0 |      13 |       0 |   0.0
            +---------+---------+-------+---------+---------+-------
